 Dungeon Crawl Stone Soup version 0.31.0-32-g396128a36d (webtiles) character file.

Game seed: 1446861643239557642

6421 Mesmaeker13 the Grappler (level 10, -3/79 (102) HPs)
             Began as a Troll Brigand on Apr 10, 2024.
             Was an Initiate of Okawaru.
             Slain by a spectral orc warrior
             ... wielding a +0 halberd
             ... summoned by Nergalle
              (12 damage)
             ... on level 10 of the Dungeon.
             The game lasted 00:21:49 (9524 turns).

Mesmaeker13 the Grappler (Troll Brigand)            Turns: 9524, Time: 00:21:49

HP:   -3/79 (102)   AC:  8    Str: 23    XL:     10   Next: 66%
MP:   10/10         EV: 12    Int:  9    God:    Okawaru [......]
Gold: 575           SH:  0    Dex: 11    Spells: 9/9 levels left

rFire   . .          .
                       - Unarmed
rCold   + . .        (no shield)
rNeg    . . .        I - +0 steam dragon scales
rPois   .            (helmet restricted)
rElec   .            c - +0 cloak
rCorr   +            (gloves unavailable)
SInv    .            (boots unavailable)
Will    .....        (no amulet)
Stlth   ++           q - ring of resist corrosion
HPRegen 1.13/turn    x - ring of protection from cold
MPRegen 0.12/turn

%: no passive effects
@: heavily drained
A: large, unfitting armour, claws 3, regeneration 1, shaggy fur 1, tough skin 1
a: Renounce Religion


You were on level 10 of the Dungeon.
You worshipped Okawaru.
Okawaru was noncommittal.
You visited 2 branches of the dungeon, and saw 11 of its levels.

You collected 749 gold pieces.
You spent 174 gold pieces at shops.

Inventory:

Missiles
 e - 4 curare-tipped darts
 r - 3 boomerangs (quivered)
 s - 52 stones
 A - 3 poisoned darts
Armour
 c - a +0 cloak (worn)
 I - +0 steam dragon scales (worn)
Jewellery
 q - a ring of resist corrosion (left claw)
 x - a ring of protection from cold (right claw)
Talismans
 g - a flux talisman
 i - a beast talisman
 F - a maw talisman
Wands
 d - a wand of roots (6)
 j - a wand of paralysis (4)
 E - a wand of flame (9)
 H - a wand of polymorph (7)
Scrolls
 a - a scroll of silence
 h - 2 scrolls of vulnerability
 l - a scroll of revelation
 m - 3 scrolls of poison
 v - 2 scrolls of immolation
Potions
 b - 2 potions of attraction {unknown}
 f - a potion of ambrosia
 k - a potion of heal wounds
 n - a potion of lignification
 o - a potion of cancellation
 t - 2 potions of curing
 w - 2 potions of brilliance {unknown}
 z - 2 potions of haste {unknown}
 B - a potion of resistance {unknown}
 C - a potion of degeneration {unknown}
 G - a potion of invisibility {unknown}


   Skills:
 + Level 7.0 Fighting
 - Level 1.5 Short Blades
 + Level 7.6 Throwing
 + Level 6.8 Dodging
 - Level 2.1 Stealth
 + Level 8.0 Unarmed Combat
 + Level 1.4 Invocations


You had 9 spell levels left.
You didn't know any spells.
Your spell library contained the following spells:

 Spells                   Type           Power      Damage    Failure   Level
 Magic Dart               Conj           0%         1d3       38%         1
 Blink                    Tloc           0%         N/A       52%         2
 Lesser Beckoning         Tloc           0%         N/A       52%         2
 Momentum Strike          Conj/Tloc      0%         3d8       52%         2
 Ozocubu's Armour         Ice            0%         N/A       77%         3
 Sigil of Binding         Hex            0%         N/A       77%         3
 Anguish                  Hex/Necr       0%         N/A       99%         4
 Cause Fear               Hex            0%         N/A       99%         4
 Dimensional Bullseye     Hex/Tloc       0%         N/A       99%         4
 Iskenderun's Battlesphe  Conj           0%         2d6       100%        5
 Lee's Rapid Deconstruct  Erth           0%         3d4*      100%        5
 Metabolic Englaciation   Hex/Ice        0%         N/A       100%        5
 Bombard                  Conj/Erth      0%         9d1       100%        6
 Enfeeble                 Hex            0%         N/A       100%        7
 Ozocubu's Refrigeration  Ice            0%         4d7       100%        7
 Polar Vortex             Ice            0%         N/A       100%        9
 Summon Small Mammal      Summ           Unusable   N/A       N/A         1
 Call Imp                 Summ           Unusable   N/A       N/A         2
 Call Canine Familiar     Summ           Unusable   N/A       N/A         3
 Animate Armour           Summ/Erth      Unusable   N/A       N/A         4
 Summon Blazeheart Golem  Fire/Summ      Unusable   N/A       N/A         4
 Summon Lightning Spire   Summ/Air       Unusable   N/A       N/A         4
 Sculpt Simulacrum        Ice/Alch       Unusable   N/A       N/A         6
 Spellforged Servitor     Conj/Summ      Unusable   N/A       N/A         7

Dungeon Overview and Level Annotations

Branches:
Dungeon (10/15)            Temple (1/1) D:4            Lair (0/5) D:8
    Orc: D:9-12

Altars:
Ashenzari
Cheibriados
Dithmenos
Elyvilon
Fedhas
Gozag
Hepliaklqana
Kikubaaqudgha
Makhleb
Nemelex Xobeh
Okawaru
Qazlal
Ru
Sif Muna
Trog
Uskayaw
Vehumet
Wu Jian
Xom
Yredelemnul
Zin
The Shining One

Shops:
D:1 *   D:4 !(:   D:6 ?   D:8 *   D:9 !

Annotations:
D:6 1 runed translucent door, diceflayer's ghost, novice MiFi
D:10 Nergalle


Innate Abilities, Weirdness & Mutations

You are too large for most types of armour.
You have claws for hands.
Your natural rate of healing is unusually fast.
You are covered in fur. (AC +1)
You have tough skin. (AC +1)


Message History

The spectral orc knight attacks as it pursues you!
The spectral orc knight hits you but does no damage.
There is an open door here.
Nergalle points at you and mumbles some strange words.
Orcish apparitions take form around you.
Nergalle gestures at you while chanting.
Orcish apparitions take form around you.
The spectral orc warrior misses you.
You barely miss the spectral orc warrior.
Nergalle points at you and mumbles some strange words.
Orcish apparitions take form around you.
The spectral orc knight hits you!
You mangle the spectral orc warrior!!
You destroy the spectral orc warrior!
The spectral orc warrior disappears in a puff of smoke!
The spectral orc warrior hits you from afar with a +0 trident!
You feel drained. The spectral orc knight hits you!
You feel drained.
The spectral orc warrior hits you but does no damage.
The spectral orc warrior closely misses you.
The spectral orc warrior hits you with a +0 trident.
You feel drained.
You scratch the spectral orc warrior but do no damage.
The spectral orc warrior misses you. x2
The spectral orc warrior hits you with a +0 trident!
* * * LOW HITPOINT WARNING * * *
The spectral orc knight misses you.
You barely miss the spectral orc warrior.
The spectral orc warrior misses you.
The spectral orc warrior hits you with a +0 glaive!
* * * LOW HITPOINT WARNING * * *
You feel drained.
* * * LOW HITPOINT WARNING * * *
The spectral orc warrior closely misses you.
Okay, then.
You claw the spectral orc warrior!
The spectral orc warrior is moderately damaged.
The spectral orc knight hits you.
* * * LOW HITPOINT WARNING * * *
The spectral orc warrior hits you with a +0 halberd!
You die...

#..........#
#..†.......#
#..........#
#..........#
#........o.#
#########Z##
#.# ##Z# ...
#ZZ# ...
##@## ...
#ZZ# ...
#.## ... #.#
... #.# ...
#.# ### #.#
# #.# # #.#


You could see Nergalle, 5 spectral orc warriors and a spectral orc knight
(summoned).

Vanquished Creatures
  Pikel (D:6)
  Maggie (D:9)
  A troll (D:8)
  A hornet (D:9)
  Grinder (D:3)
  3 slime creatures (D:8)
  A wraith (D:9)
  3 wyverns
  4 vampire mosquitoes (D:9)
  A steam dragon (D:9)
  Edmund (D:6)
  A water moccasin (D:7)
  3 orc warriors
  A black bear (D:6)
  5 ice beasts
  2 ogres (D:6)
  2 centaurs
  2 lemures (D:6)
  A phantom (D:6)
  2 kobold brigands
  2 bullfrogs (D:7)
  A scorpion (D:6)
  4 wights
  7 killer bees
  4 howler monkeys
  2 bombardier beetles
  6 hounds
  A jelly (D:5)
  2 iguanas
  2 orc priests
  2 sleepcaps (D:5)
  8 orc wizards
  15 adders
  5 gnolls
  2 shadow imps
  3 white imps
  A ribbon worm (D:2)
  2 dart slugs
  23 orcs
  9 ball pythons
  10 endoplasms
  5 giant cockroaches
  6 hobgoblins
  14 jackals
  4 quokkas
  3 bats
  4 frilled lizards
  6 goblins
  7 kobolds
  6 rats
203 creatures vanquished.

Vanquished Creatures (others)
  An orc (D:9)
1 creature vanquished.

Grand Total: 204 creatures vanquished

Notes
Turn   | Place    | Note
-------+----------+-------------------------------------------
     0 | D:1      | Mesmaeker13 the Troll Brigand began the quest for the Orb.
     0 | D:1      | Reached XP level 1. HP: 19/19 MP: 0/0
    66 | D:1      | Reached skill level 1 in Dodging
   214 | D:1      | Reached XP level 2. HP: 28/28 MP: 1/1
   235 | D:1      | Found Irghuk's General Store.
   359 | D:1      | Found a faded altar of an unknown god.
   443 | D:1      | Reached skill level 1 in Unarmed Combat
  1172 | D:2      | Reached XP level 3. HP: 30/35 MP: 2/2
  1318 | D:2      | Reached XP level 4. HP: 42/42 MP: 3/3
  1536 | D:2      | Identified the +0 robe of the Raven {+Blink rC- rN+ Str+2}
  1776 | D:3      | Reached skill level 2 in Unarmed Combat
  1776 | D:3      | Reached XP level 5. HP: 50/50 MP: 4/4
  1836 | D:3      | Noticed Grinder
  1845 | D:3      | Paralysed by Grinder for 2 turns
  1852 | D:3      | Killed Grinder
  1853 | D:3      | Reached XP level 6. HP: 22/61 MP: 5/5
  2224 | D:3      | Reached skill level 3 in Unarmed Combat
  2775 | D:1      | Bought 4 stones for 4 gold pieces
  2897 | D:4      | Found Ranliorch's Weapon Shoppe.
  2967 | D:4      | Found Xuumuq's Book Shop.
  3284 | D:4      | Found a staircase to the Ecumenical Temple.
  3294 | Temple   | Entered the Ecumenical Temple
  3331 | D:4      | Found Denoceut's Distillery.
  3453 | D:4      | Found a burning altar of Makhleb.
  3461 | D:4      | Reached XP level 7. HP: 64/67 MP: 6/6
  3795 | D:5      | Entered Level 5 of the Dungeon
  3872 | D:5      | Found a radiant altar of Vehumet.
  3951 | D:5      | Found a sacrificial altar of Ru.
  3995 | D:5      | Found a sparkling altar of Nemelex Xobeh.
  4099 | D:5      | Reached skill level 4 in Unarmed Combat
  4477 | D:6      | Noticed Pikel
  4517 | D:6      | Reached XP level 8. HP: 43/78 MP: 7/7
  4532 | D:6      | Killed Pikel
  4533 | D:6      | Reached skill level 5 in Throwing
  4533 | D:6      | Reached skill level 5 in Unarmed Combat
  4668 | D:6      | Noticed Edmund
  4689 | D:6      | Killed Edmund
  4824 | D:6      | Found Halikexo's Magic Scroll Shop.
  4861 | D:6      | Reached skill level 5 in Fighting
  4871 | D:6      | Identified the +5 glaive "Wiet" {holy, rPois rF+ Dex+3}
  4879 | D:6      | Reached XP level 9. HP: 34/88 MP: 8/8
  4936 | D:6      | Found a runed translucent door.
  4946 | D:5      | Reached skill level 5 in Dodging
  5127 | D:6      | Noticed diceflayer's ghost (novice MiFi)
  5370 | D:6      | Reached skill level 6 in Unarmed Combat
  6701 | D:8      | Found a staircase to the Lair.
  7080 | D:8      | Reached skill level 7 in Unarmed Combat
  7164 | D:8      | Reached XP level 10. HP: 98/98 MP: 9/9
  7566 | D:8      | Found Fuahug's Assorted Antiques.
  7575 | D:8      | Bought a glass ring for 170 gold pieces
  8676 | D:9      | Found an ancient bone altar of Kikubaaqudgha.
  8712 | D:9      | Found an iron altar of Okawaru.
  8712 | D:9      | Found a white marble altar of Elyvilon.
  8713 | D:9      | Found a broken altar of Ashenzari.
  8721 | D:9      | Became a worshipper of Warmaster Okawaru
  8879 | D:9      | Reached skill level 1 in Invocations
  8911 | D:9      | Found Vuhax's Distillery.
  9232 | D:9      | Noticed Maggie
  9241 | D:9      | Killed Maggie
  9242 | D:9      | Reached skill level 8 in Unarmed Combat
  9328 | D:10     | Entered Level 10 of the Dungeon
  9491 | D:10     | Noticed Nergalle
  9524 | D:10     | Slain by a spectral orc warrior

Illustrated notes

Levels and vault maps discovered:
D:1:      dpeg_arrival_shrine, layout_basic, serial_shops, shop_fountains,
          hellmonk_ecumenical_altar_crossroads, serial_bayou_lake_a
D:2:      layout_rooms
D:3:      layout_basic, minmay_hedge_maze, uniq_grinder
D:4:      layout_basic, makhleb_heckhound_becter, minmay_temple_entry_hall,
          serial_shops, shop, nicolae_shop_bloodbath_and_beyond,
          nicolae_shop_just_a_little_nook, nicolae_eternal_life
D:5:      layout_rooms, nicolae_ru_great_annihilating_truth,
          nicolae_vehumet_altar_sigil,
          mainiacjoe_overflow_concentric_impassable, grunt_decor_mini_mirrors
D:6:      cheibrodos_fzero, layout_loops_ring, serial_shops, shop,
          ebering_ghost_sewer_d, uniq_pikel, uniq_edmund
D:7:      layout_loops_corners
D:8:      layout_rooms, lair_entry_dummy, serial_shops, nicolae_stop_n_shop_1,
          small_chamber_with_monster, minmay_misc_feat_tower
D:9:      layout_stronghold, chequers_temple_overflow_statue_of_worship,
          serial_shops, shop, uniq_maggie
D:10:     layout_roguey, uniq_harold, uniq_nergalle
Temple:   eino_temple_lava

Skill      XL: |  1  2  3  4  5  6  7  8  9 10 |
---------------+-------------------------------+-----
Dodging        | 1 2 3 4 6 |  6.8
Throwing       | 2 3 4 5 6 7 |  7.6
Unarmed Combat | 1 2 3 4 5 7 8 |  8.0
Fighting       | 2 3 4 5 6 7 |  7.0
Invocations    | 1 |  1.4
Short Blades   | |  1.5
Stealth        | |  2.1

Action                     |  1- 3 |  4- 6 |  7- 9 | 10-12 || total
---------------------------+-------+-------+-------+-------++-------
  Melee: Unarmed           |   117 |   153 |   326 |   130 ||   726
         Whip              |     6 |       |       |       ||     6
         Dagger            |     2 |       |       |       ||     2
         Punch             |       |     2 |    16 |     7 ||    25
  Throw: Dart              |       |     8 |    29 |    16 ||    53
         Stone             |       |     1 |    17 |     3 ||    21
         Boomerang         |       |       |    11 |    11 ||    22
  Evoke: Wand              |       |       |       |     4 ||     4
    Use: Scroll            |       |     5 |     3 |     7 ||    15
         Potion            |       |       |     4 |     4 ||     8
   Stab: Sleeping          |     2 |     2 |       |       ||     4
         Paralysed         |       |       |     1 |     4 ||     5
         Invisible         |       |       |     1 |       ||     1
 Armour: Robe              |    86 |    76 |   209 |    96 ||   467
         Skin              |       |       |       |    24 ||    24
         Steam dragon scal |       |       |       |    22 ||    22
  Dodge: Dodged            |    64 |    72 |   146 |    75 ||   357
